 Dungeon Crawl Stone Soup version 0.28-a0-612-gcfc00ec14d (webtiles) character file.

Game seed: 3397004842107104015

141 kae the Chopper (level 5, -8/47 HPs)
             Began as a Hill Orc Fighter on Oct 5, 2021.
             Mangled by Menkaure (20 damage)
             ... on level 4 of the Dungeon.
             The game lasted 00:01:47 (2987 turns).

kae the Chopper (Hill Orc Fighter)                  Turns: 2987, Time: 00:01:47

Health: -8/47      AC:  6    Str: 20    XL:     5   Next: 24%
Magic:  5/5        EV:  9    Int:  8    God:
Gold:   102        SH:  4    Dex: 10    Spells: 4/4 levels left

rFire   . . .      SeeInvis .   a - +1 war axe
rCold   . . .      Faith    .   c - +0 buckler
rNeg    . . .      Spirit   .   b - +0 scale mail
rPois   .          Reflect  .   (no helmet)
rElec   .          Harm     .   (no cloak)
rCorr   .          Rampage  .   (no gloves)
Will    .....                   (no boots)
Stlth   ..........              (no amulet)
HPRegen 0.15/turn               (no ring)
MPRegen 0.09/turn               (no ring)

@: no status effects
A: no striking features
a: no special abilities


You were on level 4 of the Dungeon.
You visited 1 branch of the dungeon, and saw 4 of its levels.

You collected 102 gold pieces.

Inventory:

Hand Weapons
 a - a +1 war axe (weapon)
Armour
 b - a +0 scale mail (worn)
 c - a +0 buckler (worn)
Scrolls
 j - 2 scrolls of teleportation
Potions
 d - a potion of might
 e - a potion of magic {unknown}
 f - a potion of haste {unknown}
 h - 3 potions of curing {unknown}
 i - a potion of flight {unknown}


   Skills:
 + Level 4.9 Fighting
 * Level 6.0 Axes
 - Level 3.2 Armour
 - Level 3.2 Shields


You had 4 spell levels left.
You didn't know any spells.
Your spell library was empty.

Dungeon Overview and Level Annotations

Branches:
Dungeon (4/15)
 Temple: D:4-7

Altars:

Annotations:
D:4 Menkaure


Message History

The ball python bites you but does no damage.
The ball python closely misses you.
The ball python bites you but does no damage.
The ball python barely misses you.
There are monsters nearby!
There are monsters nearby!
Menkaure casts a spell.
Menkaure seems to speed up.
The ball python completely misses you. The ball python barely misses you.
You closely miss the ball python.
The ball python bites you but does no damage.
The ball python closely misses you.
You hit the ball python.
You kill the ball python!
Your Axes skill increases to level 6!
You barely miss Menkaure.
Menkaure murmurs in an indecipherable tongue.
You block Menkaure's attack. Menkaure hits you!
You hit Menkaure.
Menkaure is lightly damaged.
Menkaure hits you.
You are too injured to fight recklessly!
You are too injured to fight recklessly!
You are too injured to fight recklessly!
You are too injured to fight recklessly!
You barely miss Menkaure.
Menkaure is lightly damaged.
You block Menkaure's attack. Menkaure hits you!
You hit Menkaure but do no damage.
Menkaure is lightly damaged.
You block Menkaure's attack.
You slash Menkaure!
Menkaure is heavily damaged.
Menkaure hits you!
* * * LOW HITPOINT WARNING * * *
Menkaure closely misses you.
You hit Menkaure.
Menkaure is severely damaged.
Menkaure hits you!!
You die...

##..# #.....## #...
##.#.# #####.# #+#
###. #.##.# .# #.# #.
.....# .# #.# #.
#.#### ##.## #. #.# #
########...########.
#.#
#.#...................
#.#
#.#.#####....###.#####
..# #..SM@..#....# #.#
### ###.###.#....# #.#
#.# #......# #.#
#..M.# ###...## #.#
#....# #...# #.#
#.#... ...... ..#
#...... ...#.######
#.#.#... #.##.# .
#.###. .. .#


You could see Menkaure (fast) and a ball python.

Vanquished Creatures
  Terence (D:2)
  4 adders
  An adder skeleton (D:4)
  A dart slug (D:1)
  5 bats
  4 endoplasms
  3 giant cockroaches (D:1)
  7 goblins
  7 hobgoblins
  8 jackals
  5 kobolds
  6 quokkas
  8 ball pythons
  4 frilled lizards
  2 rats (D:1)
66 creatures vanquished.

Notes
Turn   | Place    | Note
-------+----------+-------------------------------------------
     0 | D:1      | kae the Hill Orc Fighter began the quest for the Orb.
     0 | D:1      | Reached XP level 1. HP: 19/19 MP: 1/1
    20 | D:1      | Reached skill level 3 in Axes
   140 | D:1      | Reached XP level 2. HP: 27/27 MP: 2/2
   155 | D:1      | Found a faded altar of an unknown god.
   516 | D:1      | Reached skill level 4 in Axes
   522 | D:1      | Reached XP level 3. HP: 28/33 MP: 3/3
   903 | D:2      | Reached XP level 4. HP: 25/41 MP: 4/4
   987 | D:2      | Reached skill level 5 in Axes
  1037 | D:2      | Noticed Terence
  1047 | D:2      | Killed Terence
  1940 | D:3      | Reached XP level 5. HP: 47/47 MP: 5/5
  2974 | D:4      | Noticed Menkaure
  2982 | D:4      | Reached skill level 6 in Axes
  2987 | D:4      | Mangled by Menkaure

Illustrated notes

Levels and vault maps discovered:
D:1:      tarquinn_simple_flora_water_d, layout_loops_ring,
          ebering_ecumenical_altar_hall, minmay_pentomino_o2
D:2:      kennysheep_big_flooded_room, layout_rooms, minmay_goblin_kobold_house,
          uniq_crazy_yiuf_cottage, uniq_terence
D:3:      layout_basic
D:4:      layout_loops_corners, minmay_temple_entry_slanted,
          serial_bayou_ford_a, uniq_pikel, uniq_ijyb, uniq_menkaure

Skill      XL: |  1  2  3  4  5 |
---------------+----------------+-----
Axes           | 3 4 5 6 |  6.0
Fighting       | 4 |  4.9
Armour         | |  3.2
Shields        | |  3.2

Action                   |  1- 3 |  4- 6 || total
-------------------------+-------+-------++-------
Melee: War axe           |    79 |   106 ||   185
  Use: Scroll            |     2 |     4 ||     6
Armor: Scale mail        |    54 |    54 ||   108
Dodge: Dodged            |    42 |    80 ||   122
Block: Buckler           |    28 |    30 ||    58

Table legend: (Time is in decaauts)
 A = Elapsed time spent in this place.
 B = Non-inter-level travel time spent in this place.
 C = Inter-level travel time spent in this place.
 D = Time resting spent in this place.
 E = Time spent auto-exploring this place.
 F = Levels seen in this place.
 G = Mean time per level.
                   A        B        C        D        E       F      G
               +--------+--------+--------+--------+--------+-----+--------+
         Total |   3039 |   2850 |    189 |    349 |   2067 |   4 |  759.8 |
       Dungeon |   3039 |   2850 |    189 |    349 |   2067 |   4 |  759.8 |
               +--------+--------+--------+--------+--------+-----+--------+

Top non-repeatable levels by time:
     D:3: 1261 daAuts
     D:1: 917 daAuts
     D:2: 709 daAuts
     D:4: 150 daAuts
